 Dungeon Crawl Stone Soup version 0.20.2-3-g29329e0561 (webtiles) character file.

382 Alfie the Skirmisher (level 6, -2/53 HPs)
             Began as a Hill Orc Fighter on Jan 16, 2024.
             Killed by divine providence
             ... invoked by an orc priest
              (12 damage)
             ... on level 4 of the Dungeon.
             The game lasted 00:06:16 (2540 turns).

Alfie the Skirmisher (Hill Orc Fighter)             Turns: 2540, Time: 00:06:17

Health: -2/53      AC:  7    Str: 21    XL:     6   Next: 76%
Magic:  6/6        EV:  8    Int:  8    God:
Gold:   161        SH:  9    Dex: 10    Spells: 5/5 levels left

rFire    . . .     SeeInvis .   a - +0 rapier
rCold    . . .     Gourm    .   c - +0 shield
rNeg     . . .     Faith    .   b - +0 scale mail
rPois    .         Spirit   .   (no helmet)
rElec    .         Reflect  .   j - scarf {repulsion}
rCorr    .         Harm     .   (no gloves)
MR       .....                  (no boots)
Stlth    ..........             (no amulet)
Regen    0.2/turn               (no ring)
MPRegen  0.1/turn               (no ring)

@: repel missiles
A: no striking features
a: Convert to Beogh


You were on level 4 of the Dungeon.
You were very hungry.

You visited 1 branch of the dungeon, and saw 4 of its levels.

You collected 161 gold pieces.

Inventory:

Hand Weapons
 a - a +0 rapier (weapon)
Missiles
 n - 6 tomahawks (quivered)
Armour
 b - a +0 scale mail (worn)
 c - a +0 shield (worn)
 j - a scarf of repulsion (worn)
Jewellery
 v - an uncursed ring of fire {unknown}
Scrolls
 e - a scroll of enchant armour {unknown}
 g - a scroll of magic mapping {unknown}
 i - 2 scrolls of identify {unknown}
 m - a scroll of brand weapon {unknown}
 r - 2 scrolls of teleportation
 t - a scroll of amnesia {unknown}
 u - a scroll of immolation {unknown}
Potions
 d - a potion of mutation {unknown}
 k - a potion of curing {unknown}
 l - a potion of cancellation {unknown}
 o - a potion of flight {unknown}
 s - 2 potions of haste {unknown}
Comestibles
 f - 3 bread rations
 h - 3 meat rations
 p - a royal jelly
 q - 3 fruits


   Skills:
 + Level 4.6 Fighting
 + Level 4.2 Short Blades
 + Level 1.5 Throwing
 + Level 4.6 Armour
 + Level 1.3 Dodging
 + Level 0.1 Stealth
 + Level 4.3 Shields


You had 5 spell levels left.
You didn't know any spells.

Dungeon Overview and Level Annotations

Branches:
Dungeon (4/15)
 Temple: D:4-7

Altars:
Sif Muna
Yredelemnul


Message History

An orc comes into view. It is wielding a club.
The orc shouts!
You hit the scorpion.
The scorpion is almost dead.
The scorpion stings you but does no damage.
You closely miss the scorpion.
The scorpion is almost dead.
You block the scorpion's attack.
You puncture the scorpion!
You kill the scorpion!
You closely miss the orc. You block the orc's attack.
The orc priest shouts, "Join the one true god or die!"
You hit the orc.
The orc is moderately wounded.
You block the orc's attack.
You hit the orc.
The orc is almost dead.
The orc priest mumbles some strange prayers to Beogh against you.
Beogh smites you!
You die...

#.......#### #
#..#.......+ +
#.......# #
##.##...#
#.##.#.#
#..oo..#
####o### #+# #o#
####.# #@#
##.##.# #.#
##...#.##
#.#####.......##
#..............#
#######.......##
##......####
##.###....< ###
######


You could see an orc priest and 3 orcs.

Vanquished Creatures
  The ghost of Alfie the Skirmisher, an amateur HOFi (D:4)
  A scorpion (D:4)
  A howler monkey (D:4)
  A hound (D:4)
  4 adders
  2 worms
  2 dart slugs (D:1)
  3 leopard geckos
  An orc (D:3)
  4 ball pythons
  6 bats
  5 giant cockroaches
  12 goblins
  11 hobgoblins
  3 jackals (D:1)
  2 quokkas (D:2)
  5 frilled lizards
  2 kobolds
  5 rats
71 creatures vanquished.

Notes
Turn   | Place    | Note
-------+----------+-------------------------------------------
     0 | D:1      | Alfie the Hill Orc Fighter began the quest for the Orb.
     0 | D:1      | Reached XP level 1. HP: 19/19 MP: 1/1
   144 | D:1      | Reached XP level 2. HP: 23/27 MP: 2/2
   443 | D:1      | Reached XP level 3. HP: 33/33 MP: 3/3
   899 | D:2      | Reached XP level 4. HP: 36/40 MP: 4/4
  1439 | D:3      | Found a deep blue altar of Sif Muna.
  1769 | D:3      | Reached XP level 5. HP: 32/46 MP: 5/5
  2052 | D:4      | Noticed Alfie's ghost (amateur HOFi)
  2068 | D:4      | Killed Alfie's ghost
  2068 | D:4      | Reached skill level 1 in Throwing
  2068 | D:4      | Reached skill level 1 in Dodging
  2068 | D:4      | Reached XP level 6. HP: 35/53 MP: 6/6
  2289 | D:4      | Found a basalt altar of Yredelemnul.
  2540 | D:4      | Killed from afar by an orc priest

Skill      XL: |  1  2  3  4  5  6 |
---------------+-------------------+-----
Shields        | 4 |  4.3
Short Blades   | 3 4 |  4.2
Fighting       | 4 |  4.6
Armour         | 4 |  4.6
Throwing       | 1 |  1.5
Dodging        | 1 |  1.3
Stealth        | |  0.1

Action                   |  1- 3 |  4- 6 || total
-------------------------+-------+-------++-------
Melee: Rapier            |   122 |   174 ||   296
Throw: Tomahawk          |       |    22 ||    22
  Use: Scroll            |       |     1 ||     1
       Potion            |       |     1 ||     1
  Eat: Bread ration      |       |     1 ||     1
Armor: Scale mail        |    69 |    46 ||   115
Dodge: Dodged            |    44 |    47 ||    91
       Deflected         |       |     1 ||     1
Block: Shield            |    72 |    78 ||   150
